 Seeded DCSS version 0.30.1-4-g462c640d31 (webtiles) character file.

Game seed: 6351066067085065685 (custom seed)

457 Esekla the Grave Robber (level 6, -14/32 HPs)
             Began as a Deep Elf Necromancer on Aug 15, 2023.
             Was a Follower of Vehumet.
             Demolished by an ogre
             ... wielding a +0 giant club
              (20 damage)
             ... on level 5 of the Dungeon.
             The game lasted 00:17:06 (3281 turns).

Esekla the Grave Robber (Deep Elf Necromancer)      Turns: 3281, Time: 00:17:06

Health: -14/32     AC:  4    Str:  5    XL:     6   Next: 77%
Magic:  12/15      EV: 14    Int: 22    God:    Vehumet [*.....]
Gold:   215        SH:  0    Dex: 18    Spells: 10/15 levels left

rFire   . . .        a - +5 rapier of the Hero {heavy, rN+ Dex+3}
rCold   . . .        (no shield)
rNeg    + . .        k - +0 robe
rPois   .            h - +0 helmet
rElec   .            (no cloak)
rCorr   .            o - +0 pair of gloves
SInv    .            (no boots)
Will    .....        y - amulet of magic regeneration
Stlth   +++          (no ring)
HPRegen 0.25/turn    (no ring)
MPRegen 0.54/turn

%: no passive effects
@: no status effects
A: no striking features
a: Renounce Religion


You were on level 5 of the Dungeon.
You worshipped Vehumet.
Vehumet was aware of your devotion.
You visited 1 branch of the dungeon, and saw 5 of its levels.

You collected 215 gold pieces.

Inventory:

Hand Weapons
 a - the +5 rapier of the Hero (weapon) {heavy, rN+ Dex+3}
   (You found it on level 3 of the Dungeon)

   Dex:       It affects your dexterity (+3).
   rN:        It protects you from negative energy.
 r - a +0 trident
Missiles
 q - 8 poisoned darts (quivered)
Armour
 h - a +0 helmet (worn)
 k - a +0 robe (worn)
 o - a +0 pair of gloves (worn)
Jewellery
 y - an amulet of magic regeneration (around neck)
Wands
 c - a wand of roots (16)
Scrolls
 e - a scroll of amnesia {unknown}
 f - 4 scrolls of identify {unknown}
 j - a scroll of immolation {unknown}
 m - a scroll of enchant armour {unknown}
 p - a scroll of summoning {unknown}
 s - 2 scrolls of fog {unknown}
 v - a scroll of blinking {unknown}
 w - 3 scrolls of enchant weapon {unknown}
 x - a scroll of magic mapping {unknown}
 A - a scroll of fear
Potions
 b - a potion of magic
 d - a potion of ambrosia {unknown}
 g - 4 potions of curing {unknown}
 i - a potion of mutation {unknown}
 l - a potion of haste {unknown}
 n - 2 potions of attraction {unknown}
 t - 3 potions of brilliance {unknown}
 u - a potion of heal wounds {unknown}
 z - a potion of lignification {unknown}


   Skills:
 + Level 2.0 Short Blades
 + Level 1.0 Throwing
 * Level 4.4 Dodging
 + Level 4.0 Stealth
 * Level 5.3 Spellcasting
 * Level 6.7 Necromancy


You had 10 spell levels left.
You knew the following spells:

 Your Spells              Type           Power      Damage    Failure   Level
a - Necrotise             Necr           100%       1d9       1%          1
b - Sandblast             Erth           10%        2d5       10%         1
d - Vampiric Draining     Necr           35%        2d8       1%          3

Your spell library contained the following spells:

 Spells                   Type           Power      Damage    Failure   Level
 Animate Dead             Necr           35%        N/A       6%          4
 Lesser Beckoning         Tloc           10%        N/A       16%         2
 Agony                    Necr           35%        N/A       17%         5
 Gell's Gravitas          Tloc           5%         N/A       30%         3
 Spider Form              Tmut/Pois      5%         N/A       30%         3
 Teleport Other           Tloc           5%         N/A       30%         3
 Cause Fear               Hex            2%         N/A       69%         4
 Summon Mana Viper        Hex/Summ       5%         N/A       95%         5


Dungeon Overview and Level Annotations

Branches:
Dungeon (5/15)
 Temple: D:4-7

Altars:
Dithmenos
Hepliaklqana
Okawaru
Qazlal
Trog
Vehumet
Zin
The Shining One

Shops:
D:2 =   D:4 (


Message History

Aiming: Vampiric Draining (safe; 1% risk of failure)
Press: ? - help, Shift-Dir - straight line, f - hound
Aim: a hound You draw life force from the hound.
You feel life coursing into your body. The hound barely misses you. x2
Casting: Vampiric Draining (safe; 1% risk of failure)
Confirm with . or Enter, or press ? or * to list all spells.
Aiming: Vampiric Draining (safe; 1% risk of failure)
Press: ? - help, Shift-Dir - straight line, f/p - hound
Aim: a hound (lightly wounded)
You draw life force from the hound!
You kill the hound!
Vehumet accepts your kill.
You feel life coursing into your body!
Your Throwing skill increases to level 1!
Your Stealth skill increases to level 4!
There is a stone staircase leading down here.
Found a bubbling blue potion.
Found a dagger.
g - 3 bubbling blue potions (gained 1)
g - 4 bubbling blue potions (gained 1)
An ogre comes into view. It is wielding a +0 giant club.
You hit the ogre.
The ogre is lightly wounded.
The ogre misses you.
You hit the ogre.
The ogre is moderately wounded.
The ogre hits you with a +0 giant club!!
Ouch! That really hurt!
* * * LOW HITPOINT WARNING * * *
You hear a bark!
Casting: Vampiric Draining (safe; 1% risk of failure)
Confirm with . or Enter, or press ? or * to list all spells.
Aiming: Vampiric Draining (safe; 1% risk of failure)
Press: ? - help, Shift-Dir - straight line, f - ogre
Aim: an ogre, wielding a +0 giant club (moderately wounded)
You draw life force from the ogre!
You feel life coursing into your body.
The ogre hits you with a +0 giant club!!
Ouch! That really hurt!
You die...

######### ###
......... ..#
.######## #.# ..#
#######.### #.###
#.........#
#...######.........#
#..........#####.#.#
#.#.######.# #.#
..#...# #.# #@#
#####.####.# #O#
..#......#.# #..
..#..###.#.# ##..
.....# #...##### ...
.....###.†..........#
..#..>...#.## #.#.#
........##.# #.#.#
..#.###.##.# #.#.#


You could see an ogre.

Vanquished Creatures
  A black bear (D:2)
  3 hounds
  3 iguanas
  7 gnolls
  7 adders
  A worm (D:4)
  3 dart slugs
  7 orcs
  6 ball pythons
  4 endoplasms
  7 goblins
  5 hobgoblins
  A quokka (D:1)
  4 bats
  4 frilled lizards
  5 kobolds
  A rat (D:2)
69 creatures vanquished.

Notes
Turn   | Place    | Note
-------+----------+-------------------------------------------
     0 | D:1      | Esekla the Deep Elf Necromancer began the quest for the
                  | Orb.
     0 | D:1      | Reached XP level 1. HP: 10/10 MP: 6/6
   206 | D:1      | Reached skill level 5 in Necromancy
   253 | D:1      | Reached XP level 2. HP: 11/15 MP: 8/8
   372 | D:4      | Found an iron altar of Okawaru.
   384 | D:4      | Found a glowing silver altar of Zin.
   459 | D:4      | Found a radiant altar of Vehumet.
   472 | D:4      | Found a glowing golden altar of the Shining One.
   484 | D:4      | Became a worshipper of Vehumet
   812 | D:3      | Identified the +5 rapier of the Hero {heavy, rN+ Dex+3}
   833 | D:2      | Found Renulab's Jewellery Shop.
  1120 | D:2      | Noticed a black bear
  1302 | D:3      | Reached XP level 3. HP: 14/19 MP: 9/9
  1306 | D:3      | Learned a level 3 spell: Vampiric Draining
  1510 | D:3      | Found a stormy altar of Qazlal.
  1514 | D:3      | Found a bloodstained altar of Trog.
  1527 | D:3      | Reached XP level 4. HP: 23/24 MP: 7/11
  1529 | D:3      | Found a hazy altar of Hepliaklqana.
  1733 | D:4      | Reached * piety under Vehumet
  1733 | D:4      | Offered knowledge of Sandblast by Vehumet.
  1736 | D:4      | Learned a level 1 spell: Sandblast
  1903 | D:2      | Reached skill level 1 in Short Blades
  1903 | D:2      | Reached skill level 6 in Necromancy
  1919 | D:2      | Found a faded altar of an unknown god.
  1991 | D:1      | Reached XP level 5. HP: 20/28 MP: 3/12
  2387 | D:2      | Killed a black bear
  2433 | D:2      | Reached XP level 6. HP: 29/32 MP: 14/14
  2658 | D:4      | Found Ponaysk's Antique Weapon Boutique.
  3032 | D:5      | Entered Level 5 of the Dungeon
  3040 | D:5      | Got the Parchment of the Lumpy Olives
  3056 | D:5      | Found a shadowy altar of Dithmenos.
  3155 | D:5      | Reached skill level 5 in Spellcasting
  3229 | D:5      | Reached skill level 1 in Throwing
  3281 | D:5      | Demolished by an ogre

Illustrated notes

Levels and vault maps discovered:
D:1:      sevenhm_arrival_forest_fort_small_3, layout_rooms,
          chequers_serial_rivers_room_b, minmay_misc_feat_five
D:2:      layout_loops_ring, dreamdust_ecumenical_altar_angels_and_demons,
          serial_shops, shop
D:3:      layout_basic, grunt_temple_overflow_open, minmay_misc_feat_iff
D:4:      layout_basic, nicolae_overflow_quartered_altars, serial_shops,
          nicolae_diamond_shop
D:5:      layout_loops_ring, lemuel_doored_altar, minmay_misc_feat_rows,
          dreamdust_wishing_well

Skill      XL: |  1  2  3  4  5  6 |
---------------+-------------------+-----
Necromancy     | 5 6 |  6.7
Dodging        | 3 4 |  4.4
Stealth        | 3 4 |  4.0
Short Blades   | 1 2 |  2.0
Spellcasting   | 4 5 |  5.3
Throwing       | 1 |  1.0

Action                     |  1- 3 |  4- 6 || total
---------------------------+-------+-------++-------
  Melee: Short sword       |    51 |       ||    51
         Unarmed           |     9 |       ||     9
         Rapier            |    25 |    66 ||    91
  Throw: Dart              |       |    18 ||    18
   Cast: Vampiric Draining |     3 |    20 ||    23
    Use: Scroll            |     1 |       ||     1
   Stab: Sleeping          |     3 |     5 ||     8
 Armour: Robe              |    23 |    24 ||    47
  Dodge: Dodged            |    78 |    71 ||   149
